 Dungeon Crawl Stone Soup version 0.31-a0-1300-gb6740aa4e6 (webtiles) character file.

Game seed: 1078287634267885765

53 bmb222 the Ruffian (level 3, -3/42 HPs)
             Began as a Gnoll Shapeshifter on Dec 18, 2023.
             Killed by divine providence
             ... invoked by an orc priest
              (14 damage)
             ... on level 3 of the Dungeon.
             The game lasted 00:01:31 (1912 turns).

bmb222 the Ruffian (Gnoll Shapeshifter)             Turns: 1912, Time: 00:01:32

Health: -3/42      AC: 21    Str: 15    XL:     3   Next: 89%
Magic:  4/4        EV:  2    Int:  9    God:
Gold:   73         SH:  0    Dex: 11    Spells: 4/4 levels left

rFire   . .          .
                       - Unarmed
rCold   . . .        (no shield)
rNeg    . . .        r - melded +0 ring mail
rPois   +            (helmet currently unavailable)
rElec   .            (cloak currently unavailable)
rCorr   .            (gloves currently unavailable)
SInv    +            (boots currently unavailable)
Will    +....        (no amulet)
Stlth   +            n - ring of willpower
HPRegen 0.27/turn    s - ring of see invisible
MPRegen 0.09/turn

%: no passive effects
@: tree-form
A: stationary, stasis, torment immunity, boosted hp, (fangs 1), strong nose,
distributed training
a: no special abilities


You were on level 3 of the Dungeon.
You were a tree.
You visited 1 branch of the dungeon, and saw 3 of its levels.

You collected 73 gold pieces.

Inventory:

Armour
 a - a +0 animal skin
 q - a scarf of shadows
 r - a +0 ring mail (melded)
Jewellery
 n - a ring of willpower (left branch)
 s - a ring of see invisible (right branch)
Talismans
 c - a beast talisman (active)
 d - a flux talisman
 g - a storm talisman
Scrolls
 f - 4 scrolls of teleportation {unknown}
 j - 3 scrolls of identify {unknown}
 l - a scroll of revelation {unknown}
 m - a scroll of fear {unknown}
 o - a scroll of vulnerability {unknown}
Potions
 e - a potion of might {unknown}
 h - a potion of haste {unknown}
 i - a potion of magic {unknown}
 k - 2 potions of curing {unknown}
 p - a potion of attraction {unknown}
 t - a potion of mutation {unknown}


   Skills:
 + Level 2.7 Fighting
 + Level 1.0 Short Blades
 + Level 1.0 Long Blades
 + Level 1.0 Axes
 + Level 1.0 Maces & Flails
 + Level 1.0 Polearms
 + Level 1.0 Staves
 + Level 1.0 Ranged Weapons
 + Level 1.0 Throwing
 + Level 1.0 Armour
 + Level 4.6 Dodging
 + Level 1.0 Stealth
 + Level 1.0 Shields
 + Level 6.5 Unarmed Combat
 + Level 1.0 Spellcasting
 + Level 0.7 Conjurations
 + Level 0.7 Hexes
 + Level 0.7 Summonings
 + Level 0.7 Necromancy
 + Level 0.7 Translocations
 + Level 0.7 Transmutations
 + Level 0.7 Fire Magic
 + Level 0.7 Ice Magic
 + Level 0.7 Air Magic
 + Level 0.7 Earth Magic
 + Level 0.7 Poison Magic
 + Level 1.1 Invocations
 + Level 1.0 Evocations
 + Level 6.5 Shapeshifting


You had 4 spell levels left.
You didn't know any spells.
Your spell library was empty.

Dungeon Overview and Level Annotations

Branches:
Dungeon (3/15)

Altars:


Innate Abilities, Weirdness & Mutations

You are a tree.
Your roots penetrate the ground, keeping you stationary.
You cannot be teleported.
You are immune to unholy pain and torment.
Your maximum health is greatly increased.
Your equipment is partially melded.
((You have very sharp teeth.))
Your uncanny sense of smell can sniff out nearby items.
Your experience applies equally to all skills.


Message History

The orc priest mumbles some strange prayers to Beogh against you.
Pain shoots through your body!
An orc priest is nearby!
You hit the orc priest.
The orc priest is lightly wounded.
An orc comes into view. It is wielding a +0 trident.
The orc priest mumbles some strange prayers to Beogh against you.
Pain shoots through your body!
* * * LOW HITPOINT WARNING * * *
There are monsters nearby!
There are monsters nearby!
You are too injured to fight recklessly!
You are too injured to fight recklessly!
There are monsters nearby!
There are monsters nearby!
You are too injured to fight recklessly!
There are monsters nearby!
There are monsters nearby!
You are too injured to fight recklessly!
Okay, then.
You barely miss the orc priest.
The orc priest is lightly wounded.
The orc priest barely misses you.
An orc comes into view. It is wielding a +2 dagger of venom.
You closely miss the orc priest.
The orc priest is lightly wounded.
The orc shouts!
The orc priest misses you.
You hit the orc priest. You bite the orc priest.
The orc priest is heavily wounded.
You hit the orc priest.
The orc priest is almost dead.
The orc priest misses you.
Okay, then.
Your transformation has ended.
You turn into a tree.
Your +0 ring mail melds into your body.
Your roots penetrate the ground.
The orc priest calls down the wrath of Beogh upon you.
Beogh smites you!
You die...

# #..............
#.##.......†......
#......<..........
####..............
#..............
∆#......†.......
#..............
#...!..........
##♣............
.....oo....>........
#.##.####...........
# ##..........
##....... #.....
##.## .#


You could see an orc priest and an orc.

Vanquished Creatures
  An orc (D:3)
  6 bats
  5 endoplasms
  2 giant cockroaches (D:2)
  7 goblins
  4 hobgoblins
  4 jackals (D:2)
  2 quokkas (D:1)
  5 ball pythons
  4 frilled lizards
  3 kobolds (D:1)
  3 rats (D:2)
46 creatures vanquished.

Notes
Turn   | Place    | Note
-------+----------+-------------------------------------------
     0 | D:1      | bmb222 the Gnoll Shapeshifter began the quest for the Orb.
     0 | D:1      | Reached XP level 1. HP: 17/17 MP: 1/1
   264 | D:1      | Reached XP level 2. HP: 23/23 MP: 2/2
   808 | D:1      | Reached XP level 3. HP: 28/28 MP: 3/3
  1323 | D:2      | Reached skill level 1 in Invocations
  1687 | D:2      | Reached skill level 1 in Short Blades
  1687 | D:2      | Reached skill level 1 in Long Blades
  1687 | D:2      | Reached skill level 1 in Axes
  1687 | D:2      | Reached skill level 1 in Maces & Flails
  1687 | D:2      | Reached skill level 1 in Polearms
  1687 | D:2      | Reached skill level 1 in Staves
  1687 | D:2      | Reached skill level 1 in Ranged Weapons
  1687 | D:2      | Reached skill level 1 in Throwing
  1687 | D:2      | Reached skill level 1 in Armour
  1687 | D:2      | Reached skill level 1 in Stealth
  1687 | D:2      | Reached skill level 1 in Shields
  1687 | D:2      | Reached skill level 1 in Spellcasting
  1687 | D:2      | Reached skill level 1 in Evocations
  1912 | D:3      | Killed from afar by an orc priest

Illustrated notes

Levels and vault maps discovered:
D:1:      doesnt_arrival_eight_statues, layout_basic, minmay_ruptured
D:2:      layout_loops_cross, kennysheep_generic_room_13
D:3:      minmay_diamond_boxcup, layout_basic, ashenzari_altar_1,
          uniq_crazy_yiuf_cottage, uniq_ijyb

Skill      XL: |  1  2  3 |
---------------+----------+-----
Invocations    | 1 |  1.1
Short Blades   | 1 |  1.0
Long Blades    | 1 |  1.0
Axes           | 1 |  1.0
Maces & Flails | 1 |  1.0
Polearms       | 1 |  1.0
Staves         | 1 |  1.0
Ranged Weapons | 1 |  1.0
Throwing       | 1 |  1.0
Armour         | 1 |  1.0
Stealth        | 1 |  1.0
Shields        | 1 |  1.0
Spellcasting   | 1 |  1.0
Evocations     | 1 |  1.0
Fighting       | |  2.7
Dodging        | |  4.6
Unarmed Combat | |  6.5
Conjurations   | |  0.7
Hexes          | |  0.7
Summonings     | |  0.7
Necromancy     | |  0.7
Translocations | |  0.7
Transmutations | |  0.7
Fire Magic     | |  0.7
Ice Magic      | |  0.7
Air Magic      | |  0.7
Earth Magic    | |  0.7
Poison Magic   | |  0.7
Shapeshifting  | |  6.5

Action                     || total
---------------------------++-------
  Melee: Unarmed           ||    88
         Punch             ||     3
         Bite              ||     5
    Use: Potion            ||     1
   Stab: Sleeping          ||     1
 Armour: Animal skin       ||    23
         Ring mail         ||    11
  Dodge: Dodged            ||    56
   Form: Storm             ||     1
         Beast             ||     1

Table legend: (Time is in decaauts)
 A = Elapsed time spent in this place.
 B = Non-inter-level travel time spent in this place.
 C = Inter-level travel time spent in this place.
 D = Time resting spent in this place.
 E = Time spent auto-exploring this place.
 F = Levels seen in this place.
 G = Mean time per level.
                   A        B        C        D        E       F      G
               +--------+--------+--------+--------+--------+-----+--------+
         Total |   1899 |   1773 |    126 |      0 |   1508 |   3 |  633.0 |
       Dungeon |   1899 |   1773 |    126 |      0 |   1508 |   3 |  633.0 |
               +--------+--------+--------+--------+--------+-----+--------+

Top non-repeatable levels by time:
     D:1: 1124 daAuts
     D:2: 746 daAuts
     D:3: 28 daAuts
